EL
BOWIE BAYSOX @ CHATTANOOGA LOOKOUTS
09/10/2049
 
TOP OF THE 1ST
Bowie Baysox batting - Pitching for Chattanooga Lookouts : LHP Jon Lizarraga
Pitching: LHP Jon Lizarraga
Batting: RHB Ken Manser 0-0: Ball
1-0: Foul Ball, location: 2F
1-1: Foul Ball, location: 2F
1-2: Foul Ball, location: 2F
1-2: Ground out 6-3 (Groundball, 6, EV 85.0 MPH)
Batting: RHB C.J. Wells 0-0: Swinging Strike
0-1: Ground out 6-3 (Groundball, 6, EV 83.8 MPH)
Batting: RHB Jonathan Mendoza 0-0: Ground out U3 (Groundball, 34S, EV 81.2 MPH)
Top of the 1st over - 0 runs, 0 hits, 0 errors, 0 left on base; Bowie 0 - Chattanooga 0
BOTTOM OF THE 1ST
Chattanooga Lookouts batting - Pitching for Bowie Baysox : RHP Antonio Escobosa
Pitching: RHP Antonio Escobosa
Batting: SHB Matt Urbani 0-0: Called Strike
0-1: Ball
1-1: Ball
2-1: Ball
3-1: Fly out, F3 (Popup, 3, EV 65.0 MPH)
Batting: LHB Marshall Daul 0-0: Called Strike
0-1: Foul Ball, location: 2F
0-2: Ball
1-2: Foul Ball, location: 2F
1-2: Fly out, F7 (Flyball, 7, EV 86.9 MPH)
Batting: LHB Shaun Price 0-0: Ball
1-0: Ball
2-0: Ball
3-0: Base on Balls
Batting: LHB Kuemon Shishido 0-0: Fly out, F1 (Line Drive, P, EV 70.0 MPH)
Bottom of the 1st over - 0 runs, 0 hits, 0 errors, 1 left on base; Bowie 0 - Chattanooga 0
TOP OF THE 2ND
Bowie Baysox batting - Pitching for Chattanooga Lookouts : LHP Jon Lizarraga
Batting: SHB Chris Wright 0-0: Called Strike
0-1: SINGLE (Groundball, 34, EV 106.9 MPH)
Batting: RHB Kevin Popowicz 0-0: Ball
1-0: Swinging Strike
1-1: Swinging Strike
1-2: Ball
2-2: Ball
3-2: Strikes out looking
Batting: LHB Keith Long 0-0: Ball
1-0: SINGLE (Groundball, 4M, EV 107.5 MPH) (infield hit)
Chris Wright to second
Batting: RHB Ismael Macedo 0-0: DOUBLE (Line Drive, 7LM, EV 108.8 MPH)
Chris Wright scores
Keith Long to third
Batting: LHB Pat Fontana 0-0: Ball
1-0: Ball
2-0: Foul Ball, location: 2F
2-1: Called Strike
2-2: Foul Ball, location: 2F
2-2: Strikes out looking
Batting: SHB Carlos Carrillo 0-0: Swinging Strike
0-1: SINGLE (Groundball, 4MD, EV 103.1 MPH)
Keith Long scores
Ismael Macedo to third
Runner from 3rd tries for Home, SAFE, throw by CF to home
Batting: RHB Ken Manser 0-0: Called Strike
0-1: Ball
1-1: Foul Ball, location: 2F
1-2: Fielders Choice at 2nd, 5-4 (Groundball, 56, EV 84.4 MPH)
Top of the 2nd over - 3 runs, 4 hits, 0 errors, 1 left on base; Bowie 3 - Chattanooga 0
BOTTOM OF THE 2ND
Chattanooga Lookouts batting - Pitching for Bowie Baysox : RHP Antonio Escobosa
Batting: RHB Manuel Juarez 0-0: Called Strike
0-1: Ball
1-1: Ball
2-1: SINGLE (Groundball, 6, EV 95.6 MPH)
Batting: RHB Michael McDonald 0-0: Ball
1-0: Called Strike
1-1: Called Strike
1-2: Ball
2-2: SINGLE (Groundball, P, EV 80.6 MPH) (infield hit)
Manuel Juarez to second
Batting: LHB David Campbell 0-0: Ball
1-0: SINGLE (Groundball, 6S, EV 68.8 MPH) (infield hit)
Manuel Juarez to third
Michael McDonald to second
Batting: LHB Brian Wagner 0-0: Ball
1-0: Ball
2-0: Ball
3-0: Called Strike
3-1: Swinging Strike
3-2: Strikes out swinging
Batting: RHB David Nardone 0-0: Called Strike
0-1: Grounds into double play, 5-4-3 (Groundball, 56, EV 105.0 MPH)
Bottom of the 2nd over - 0 runs, 3 hits, 0 errors, 2 left on base; Bowie 3 - Chattanooga 0
TOP OF THE 3RD
Bowie Baysox batting - Pitching for Chattanooga Lookouts : LHP Jon Lizarraga
Batting: RHB C.J. Wells 0-0: Foul Ball, location: 2F
0-1: Called Strike
0-2: Strikes out swinging
Batting: RHB Jonathan Mendoza 0-0: Foul Ball, location: 2F
0-1: Fly out, F7 (Flyball, 7LM, EV 79.4 MPH)
Batting: SHB Chris Wright 0-0: Called Strike
0-1: Called Strike
0-2: Ball
1-2: Ball
2-2: Ground out U3 (Groundball, 34, EV 102.5 MPH)
Top of the 3rd over - 0 runs, 0 hits, 0 errors, 0 left on base; Bowie 3 - Chattanooga 0
BOTTOM OF THE 3RD
Chattanooga Lookouts batting - Pitching for Bowie Baysox : RHP Antonio Escobosa
Batting: SHB Matt Urbani 0-0: Foul Ball, location: 2F
0-1: Called Strike
0-2: Ball
1-2: Strikes out swinging
Batting: LHB Marshall Daul 0-0: Ball
1-0: Foul Ball, location: 2F
1-1: Called Strike
1-2: Ground out 5-3 (Groundball, 56, EV 105.0 MPH)
Batting: LHB Shaun Price 0-0: Fly out, F9 (Flyball, 9LS, EV 85.0 MPH)
Bottom of the 3rd over - 0 runs, 0 hits, 0 errors, 0 left on base; Bowie 3 - Chattanooga 0
TOP OF THE 4TH
Bowie Baysox batting - Pitching for Chattanooga Lookouts : LHP Jon Lizarraga
Batting: RHB Kevin Popowicz 0-0: Ball
1-0: Called Strike
1-1: Swinging Strike
1-2: Ball
2-2: Strikes out swinging
Batting: LHB Keith Long 0-0: Ball
1-0: Called Strike
1-1: Ball
2-1: Foul Ball, location: 2F
2-2: Strikes out swinging
Batting: RHB Ismael Macedo 0-0: Foul Ball, location: 2F
0-1: Ball
1-1: Ball
2-1: Foul Ball, location: 2F
2-2: Ball
3-2: DOUBLE (Flyball, 8LXD, EV 111.9 MPH)
Batting: LHB Pat Fontana 0-0: Called Strike
0-1: Ball
1-1: Reached on error, E3 (Groundball, 3, EV 88.8 MPH)
Ismael Macedo to third
Batting: SHB Carlos Carrillo 0-0: Ball
1-0: Called Strike
1-1: Fly out, F7 (Line Drive, 7, EV 109.4 MPH)
Top of the 4th over - 0 runs, 1 hit, 1 error, 2 left on base; Bowie 3 - Chattanooga 0
BOTTOM OF THE 4TH
Chattanooga Lookouts batting - Pitching for Bowie Baysox : RHP Antonio Escobosa
Batting: LHB Kuemon Shishido 0-0: SINGLE (Groundball, 4, EV 95.6 MPH)
Batting: RHB Manuel Juarez 0-0: Ball
1-0: Called Strike
1-1: Called Strike
1-2: Foul Ball, location: 2F
1-2: Foul Ball, location: 2F
1-2: Strikes out swinging
Batting: RHB Michael McDonald 0-0: Called Strike
0-1: Foul Ball, location: 2F
0-2: Ball
1-2: Foul Ball, location: 2F
1-2: Ball
2-2: Ball
3-2: Fly out, F1 (Line Drive, P, EV 60.6 MPH)
Batting: LHB David Campbell 0-0: Ball
1-0: Foul Ball, location: 2F
1-1: Foul Ball, location: 2F
1-2: Foul Ball, location: 2F
1-2: Foul Ball, location: 2F
1-2: Foul Ball, location: 2F
1-2: Strikes out swinging
Bottom of the 4th over - 0 runs, 1 hit, 0 errors, 1 left on base; Bowie 3 - Chattanooga 0
TOP OF THE 5TH
Bowie Baysox batting - Pitching for Chattanooga Lookouts : LHP Jon Lizarraga
Batting: RHB Ken Manser 0-0: Ball
1-0: Called Strike
1-1: Swinging Strike
1-2: Foul Ball, location: 2F
1-2: Foul Ball, location: 2F
1-2: Foul Ball, location: 2F
1-2: Foul Ball, location: 2F
1-2: Foul Ball, location: 2F
1-2: DOUBLE (Line Drive, 5D, EV 100.6 MPH)
Batting: RHB C.J. Wells 0-0: Swinging Strike
0-1: Foul Ball, location: 2F
0-2: Ball
1-2: Ball
2-2: Foul Ball, location: 2F
2-2: Ball
3-2: SINGLE (Groundball, 56D, EV 96.2 MPH)
Ken Manser to third
Runner from 3rd tries for Home, SAFE, throw by LF to home
Batting: RHB Jonathan Mendoza Pickoff Throw to First - Out! 1-3
0-0: Ball
1-0: Fly out, F7 (Line Drive, 7, EV 91.9 MPH)
Batting: SHB Chris Wright 0-0: Ball
1-0: Called Strike
1-1: Called Strike
1-2: Ground out U3 (Groundball, 34S, EV 64.4 MPH)
Top of the 5th over - 1 run, 2 hits, 0 errors, 0 left on base; Bowie 4 - Chattanooga 0
BOTTOM OF THE 5TH
Chattanooga Lookouts batting - Pitching for Bowie Baysox : RHP Antonio Escobosa
Batting: LHB Brian Wagner 0-0: Foul Ball, location: 2F
0-1: Ball
1-1: Swinging Strike
1-2: Ball
2-2: Strikes out looking
Batting: RHB David Nardone 0-0: Ball
1-0: Foul Ball, location: 2F
1-1: Swinging Strike
1-2: Strikes out swinging
Batting: SHB Matt Urbani 0-0: Ball
1-0: Fly out, F5 (Line Drive, 5L, EV 66.9 MPH)
Bottom of the 5th over - 0 runs, 0 hits, 0 errors, 0 left on base; Bowie 4 - Chattanooga 0
TOP OF THE 6TH
Bowie Baysox batting - Pitching for Chattanooga Lookouts : LHP Jon Lizarraga
Batting: RHB Kevin Popowicz 0-0: Ball
1-0: Ball
2-0: Ball
3-0: Called Strike
3-1: Base on Balls
Batting: LHB Keith Long 0-0: Ball
1-0: Ball
Wild Pitch!
Kevin Popowicz to second
2-0: Ball
3-0: Base on Balls
Batting: RHB Ismael Macedo 0-0: SINGLE (Line Drive, 7S, EV 105.6 MPH)
Kevin Popowicz to third
Keith Long to second
Runner from 3rd tries for Home, throw by LF and OUT! 7-2
Pitching: RHP Regan Kalinski
Batting: LHB Pat Fontana 0-0: Ball
1-0: Fly out, F9 (Flyball, 9LMF, EV 80.6 MPH)
Batting: SHB Carlos Carrillo 0-0: Ground out 4-3 (Groundball, 4, EV 85.6 MPH)
Top of the 6th over - 0 runs, 1 hit, 0 errors, 2 left on base; Bowie 4 - Chattanooga 0
BOTTOM OF THE 6TH
Chattanooga Lookouts batting - Pitching for Bowie Baysox : RHP Antonio Escobosa
Batting: LHB Marshall Daul 0-0: Ball
1-0: Called Strike
1-1: Ball
2-1: Ball
3-1: Called Strike
3-2: SINGLE (Groundball, 25, EV 65.0 MPH) (infield hit)
Batting: LHB Shaun Price 0-0: Called Strike
0-1: SINGLE (Groundball, 34D, EV 103.8 MPH)
Marshall Daul to second
Runner from 2nd tries for 3rd, SAFE, no throw by RF
Batting: LHB Kuemon Shishido 0-0: Called Strike
0-1: Called Strike
0-2: Ball
1-2: Strikes out swinging
Batting: RHB Manuel Juarez 0-0: Called Strike
0-1: Reached on error, E6 (Groundball, 6, EV 78.1 MPH)
Marshall Daul scores
Shaun Price to second
Batting: RHB Michael McDonald 0-0: Ball
1-0: Foul Ball, location: 2F
1-1: Called Strike
1-2: Ball
2-2: Ball
3-2: Foul Ball, location: 2F
3-2: Base on Balls
Shaun Price to third
Manuel Juarez to second
Pitching: RHP Bryant Orr
Batting: LHB David Campbell 0-0: Fly out, F9 (Flyball, 9D, EV 89.4 MPH)
Runner from 3rd tags up, OUT at HOME! 9-2
Bottom of the 6th over - 1 run, 2 hits, 1 error, 2 left on base; Bowie 4 - Chattanooga 1
TOP OF THE 7TH
Bowie Baysox batting - Pitching for Chattanooga Lookouts : RHP Regan Kalinski
Batting: RHB Ken Manser 0-0: Called Strike
0-1: Swinging Strike
0-2: Strikes out swinging
Batting: RHB C.J. Wells 0-0: Foul Ball, location: 2F
0-1: Foul Ball, location: 2F
0-2: Foul Ball, location: 2F
0-2: Ball
1-2: Foul Ball, location: 2F
1-2: Ball
2-2: Strikes out swinging
Batting: RHB Jonathan Mendoza 0-0: Ball
1-0: Called Strike
1-1: Ball
2-1: SOLO HOME RUN (Flyball, 7D, EV 96.2 MPH), Distance : 374 ft
Batting: SHB Chris Wright 0-0: Ball
1-0: Foul Ball, location: 2F
1-1: Ball
2-1: Foul Ball, location: 2F
2-2: Ball
3-2: Strikes out swinging
Top of the 7th over - 1 run, 1 hit, 0 errors, 0 left on base; Bowie 5 - Chattanooga 1
BOTTOM OF THE 7TH
Chattanooga Lookouts batting - Pitching for Bowie Baysox : RHP Bryant Orr
Now at SS: Matt Berrier
Now in RF: Tony Godley
Batting: LHB Brian Wagner 0-0: Ball
1-0: Ball
2-0: Called Strike
2-1: Swinging Strike
2-2: Ball
3-2: Strikes out swinging
Batting: RHB David Nardone 0-0: Ball
1-0: Called Strike
1-1: Foul Ball, location: 2F
1-2: Ball
2-2: Fly out, F6 (Line Drive, 6MD, EV 63.1 MPH)
Batting: SHB Matt Urbani 0-0: Foul Ball, location: 2F
0-1: Ball
1-1: Swinging Strike
1-2: Strikes out swinging
Bottom of the 7th over - 0 runs, 0 hits, 0 errors, 0 left on base; Bowie 5 - Chattanooga 1
TOP OF THE 8TH
Bowie Baysox batting - Pitching for Chattanooga Lookouts : RHP Regan Kalinski
Pitching: RHP Orlando Guapo
Batting: RHB Kevin Popowicz 0-0: Foul Ball, location: 2F
0-1: Ball
1-1: Ball
2-1: Swinging Strike
2-2: Strikes out looking
Batting: LHB Keith Long 0-0: Called Strike
0-1: SINGLE (Line Drive, 6D, EV 102.5 MPH)
Batting: RHB Ismael Macedo 0-0: Ball
1-0: SINGLE (Groundball, 6MD, EV 111.2 MPH)
Keith Long to second
Batting: LHB Pat Fontana 0-0: Called Strike
0-1: Foul Ball, location: 2F
0-2: Ball
1-2: Ball
2-2: Strikes out looking
Batting: SHB Carlos Carrillo 0-0: Swinging Strike
0-1: Swinging Strike
0-2: Foul Ball, location: 2F
0-2: Strikes out swinging
Top of the 8th over - 0 runs, 2 hits, 0 errors, 2 left on base; Bowie 5 - Chattanooga 1
BOTTOM OF THE 8TH
Chattanooga Lookouts batting - Pitching for Bowie Baysox : RHP Bryant Orr
Batting: LHB Marshall Daul 0-0: Ball
1-0: Swinging Strike
1-1: Called Strike
1-2: Reached on error, E6 (Groundball, 4M, EV 89.4 MPH)
Batting: LHB Shaun Price 0-0: Ball
1-0: Foul Ball, location: 2F
1-1: Ball
2-1: Ball
3-1: Base on Balls
Marshall Daul to second
Batting: LHB Kuemon Shishido 0-0: Ball
1-0: Foul Ball, location: 2F
1-1: Called Strike
1-2: Strikes out looking
Batting: RHB Manuel Juarez 0-0: Called Strike
0-1: Called Strike
0-2: Strikes out swinging
Batting: RHB Michael McDonald 0-0: Foul Ball, location: 2F
0-1: Ball
1-1: Swinging Strike
1-2: Ball
2-2: Ball
3-2: Foul Ball, location: 2F
3-2: Strikes out swinging
Bottom of the 8th over - 0 runs, 0 hits, 1 error, 2 left on base; Bowie 5 - Chattanooga 1
TOP OF THE 9TH
Bowie Baysox batting - Pitching for Chattanooga Lookouts : RHP Orlando Guapo
Pitching: RHP Tom Aagaard
Batting: RHB Ken Manser 0-0: Called Strike
0-1: Swinging Strike
0-2: Fly out, F4 (Popup, 4, EV 78.1 MPH)
Batting: RHB C.J. Wells 0-0: Foul Ball, location: 2F
0-1: Ball
1-1: Ball
2-1: Swinging Strike
2-2: Strikes out swinging
Batting: RHB Tony Godley 0-0: Ball
1-0: Ball
2-0: Foul Ball, location: 2F
2-1: Called Strike
2-2: Ground out 1-3 (Groundball, 15, EV 71.2 MPH)
Top of the 9th over - 0 runs, 0 hits, 0 errors, 0 left on base; Bowie 5 - Chattanooga 1
BOTTOM OF THE 9TH
Chattanooga Lookouts batting - Pitching for Bowie Baysox : RHP Bryant Orr
Pitching: RHP Jon Grason
Batting: LHB David Campbell 0-0: Swinging Strike
0-1: Ball
1-1: Ball
2-1: Ball
3-1: Foul Ball, location: 2F
3-2: Foul Ball, location: 2F
3-2: Ground out 6-3 (Groundball, 6, EV 77.5 MPH)
Batting: LHB Brian Wagner 0-0: Ball
1-0: Fly out, F8 (Flyball, 89D, EV 110.6 MPH)
Batting: RHB David Nardone 0-0: Foul Ball, location: 2F
0-1: Foul Ball, location: 2F
0-2: Ball
1-2: Hit by Pitch
Batting: SHB Matt Urbani 0-0: Ball
1-0: SINGLE (Groundball, 34D, EV 102.5 MPH)
David Nardone to second
Pitching: RHP Manny Rolfe
Batting: LHB Marshall Daul 0-0: Ball
1-0: Ball
2-0: Ball
3-0: Base on Balls
David Nardone to third
Matt Urbani to second
Batting: LHB Shaun Price 0-0: Called Strike
0-1: Ball
1-1: Ball
2-1: Foul Ball, location: 2F
2-2: SINGLE (Line Drive, 8RS, EV 93.8 MPH)
David Nardone scores
Matt Urbani to third
Marshall Daul to second
Batting: LHB Kuemon Shishido 0-0: Called Strike
0-1: Ball
1-1: Called Strike
1-2: Ball
2-2: Strikes out swinging
Bottom of the 9th over - 1 run, 2 hits, 0 errors, 3 left on base; Bowie 5 - Chattanooga 2
Sunday, July 16th , 2023 - OOTP Baseball 24.6 Build 69